 Dungeon Crawl Stone Soup version 0.20-a0-751-g905781e (webtiles) character file.

24084 Amciq the Cleaver (level 13, -1/116 HPs)
             Began as a Hill Orc Fighter on Feb 24, 2017.
             Was a High Priest of Yredelemnul.
             Slain by Rupert
             ... wielding a +1 vampiric great sword
              (9 damage)
             ... while paralysed by Rupert
             ... on level 4 of the Lair of Beasts on Feb 25, 2017.
             The game lasted 01:02:24 (14702 turns).

Amciq the Cleaver (Hill Orc Fighter)               Turns: 14702, Time: 01:02:25

Health: -1/116     AC: 20    Str: 27    XL:     13   Next: 10%
Magic:  31/31      EV:  2    Int:  8    God:    Yredelemnul [*****.]
Gold:   734        SH:  0    Dex: 20    Spells: 12/12 levels left

rFire    + + +     SeeInvis .   a - +2 war axe
rCold    x . .     Gourm    +   d - +1 fire dragon scales
rNeg     . . .     Faith    .   M - +3 shield of Patso {rF+ MP+9 Dex+2}
rPois    .         Spirit   .   (no helmet)
rElec    +         Reflect  .   E - +2 cloak
rCorr    .         Harm     .   (no gloves)
MR       .....                  c - +2 pair of boots {run}
Stlth    ..........             B - amulet of the gourmand
Regen    0.3/turn               D - +3 ring of dexterity
MPRegen  0.3/turn               h - ring "Caohi" {Str+5 Dex+3}

@: paralysed, very slightly contaminated, hasted, quick
A: repulsion field 1, shaggy fur 1, electricity resistance, evolution 1, no
potion heal 1
a: Recall Undead Slaves, Injury Mirror, Animate Dead, Drain Life, Enslave Soul,
Renounce Religion


You were on level 4 of the Lair of Beasts.
You worshipped Yredelemnul.
Yredelemnul was extremely pleased with you.
You were not hungry.

You visited 2 branches of the dungeon, and saw 16 of its levels.

You collected 825 gold pieces.
You spent 91 gold pieces at shops.

Inventory:

Hand Weapons
 a - a +2 war axe (weapon)
 N - a +2 battleaxe of chopping
Armour
 c - a +2 pair of boots of running (worn)
 d - +1 fire dragon scales (worn)
 E - a +2 cloak (worn)
 M - the +3 shield of Patso (worn) {rF+ MP+9 Dex+2}
   (You found it on level 7 of the Dungeon)

   It affects your dexterity (+2).
   It protects you from fire.
   It affects your magic capacity (+9).
 R - a scarf of repulsion
Jewellery
 h - the ring "Caohi" (left hand) {Str+5 Dex+3}
   (You took it off a big kobold on level 9 of the Dungeon)

   [ring of strength]

   It affects your strength (+5).
   It affects your dexterity (+3).
 y - an uncursed ring of flight
 B - an amulet of the gourmand (around neck)
 D - a +3 ring of dexterity (right hand)
 L - a +5 ring of intelligence
 P - an uncursed ring of wizardry
Wands
 r - a wand of flame (19/48)
 t - a wand of disintegration (7/24)
 v - a wand of disintegration (20/24)
 H - a wand of random effects (12/48)
 Q - a wand of random effects (19/48)
Scrolls
 g - 7 scrolls of teleportation
 i - 7 scrolls of remove curse
 j - a scroll of recharging
 m - a scroll of enchant armour
 q - 4 scrolls of fear
 w - a scroll of blinking
 x - a scroll of identify
 F - a scroll of magic mapping
 G - a scroll of amnesia {unknown}
 I - a scroll of fog
Potions
 b - a potion of haste
 e - 3 potions of brilliance
 k - 3 potions of curing
 l - a potion of flight
 n - 4 potions of ambrosia
 p - 5 potions of berserk rage
 s - 2 potions of cancellation
 z - 2 potions of agility
 J - a potion of invisibility
 K - 2 potions of lignification
Comestibles
 f - 9 bread rations
 o - 15 royal jellies
 u - 7 meat rations
 C - 14 fruits


   Skills:
 + Level 11.5 Fighting
 + Level 13.8 Axes
 + Level 10.8 Armour
 + Level 10.7 Shields
 + Level 12.5 Invocations


You had 12 spell levels left.
You didn't know any spells.

Dungeon Overview and Level Annotations

Branches:
Dungeon (12/15)            Temple (0/1) D:7            Lair (4/6) D:10
  Snake (0/4) Lair:3
  Swamp: Lair:2-4    Shoals: Lair:2-4       Orc: D:9-12

Altars:
Ashenzari
Cheibriados
Dithmenos
Kikubaaqudgha
Makhleb
Nemelex Xobeh
Ru
Trog
Uskayaw
Xom
Yredelemnul
The Shining One

Shops:
D:5 (   D:9 }*

Annotations:
D:8 Joseph
Lair:2 exclusion: 2 oklob plants
Lair:4 Rupert


Innate Abilities, Weirdness & Mutations

You are surrounded by a mild repulsion field. (EV +2)
You are covered in fur. (AC +1)
You are resistant to electric shocks. (rElec)
You evolve.
Potions are less effective at restoring your health.


Message History

The spiny frog closely misses you.
You feel yourself speed up. You block the spiny frog's attack.
Rupert roars wildly at you.
You suddenly lose the ability to move!
You are very lightly contaminated with residual magic.
The spiny frog stings you but does no damage.
Rupert roars wildly at you.
You struggle to resist.
The spiny frog stings you but does no damage.
Rupert roars wildly at you.
You shrug off the repeated paralysis!
The spiny frog stings you but does no damage.
Rupert hits you with a vampiric great sword.
* * * LOW HITPOINT WARNING * * *
The spiny frog stings you!
* * * LOW HITPOINT WARNING * * *
The spiny frog barely misses you.
Rupert hits you with a vampiric great sword!
You die...
Your body rises from the dead as a mindless zombie.

... #. ...# #####
#. ... ####...#
##.. ...###....<.#
..... #.........#
.#.#.###......####
.............##
....8.F......P#
#......@#..####
#.8...8@####
#........
....8....#
..........
.####......
...#... .... ..8.


You could see Rupert and a spiny frog.

Vanquished Creatures
  A fire dragon (Lair:2)
  Harold (Lair:2)
  A hydra (D:10)
  Erolcha (D:9)
  2 two-headed ogres
  Nergalle (Lair:2)
  The ghost of Vi the Grappler, a novice TrFi (D:7)
  2 ugly things (D:11)
  A cyclops (D:12)
  A black mamba (Lair:3)
  7 spiny frogs
  2 komodo dragons (Lair:1)
  A troll (D:10)
  Grinder (D:4)
  A queen bee (D:9)
  2 blink frogs (Lair:3)
  6 hippogriffs
  Sigmund (D:4)
  10 yaks
  A wyvern (Lair:2)
  A basilisk (Lair:2)
  Grum (D:10)
  2 nagas (Lair:3)
  6 water moccasins
  3 porcupines
  2 ice beasts
  3 phantoms
  2 sky beasts
  A black bear (D:11)
  5 ogres
  5 wolves
  3 crocodiles
  4 centaurs
  A big kobold (D:11)
  8 bullfrogs
  3 scorpions
  2 vampire bats (D:3)
  26 killer bees
  An electric eel (D:10)
  3 howler monkeys
  3 crimson imps
  4 orc priests
  11 hounds
  A bullfrog skeleton (D:5)
  3 centaur skeletons
  3 iguanas
  3 worker ants
  A hound skeleton (D:7)
  Robin (D:3)
  A howler monkey skeleton (D:6)
  14 adders
  3 shadow imps
  2 oozes
  An adder skeleton (D:6)
  2 worms
  A dart slug (D:3)
  4 leopard geckos
  13 orcs
  A ball python (D:6)
  3 bat skeletons (D:3)
  2 bat zombies (D:3)
  7 giant cockroaches
  2 gnoll zombies (D:2)
  22 goblins
  11 hobgoblins
  11 jackals
  2 quokkas (D:5)
  A bat (D:2)
  4 frilled lizards
  2 giant cockroach zombies
  12 kobolds
  A leopard gecko skeleton (D:4)
  5 rats
283 creatures vanquished.

Vanquished Creatures (collateral kills)
  2 hydras
  A two-headed ogre (D:9)
  Erica (D:10)
  An oklob plant (Lair:2)
  A cyclops (D:11)
  2 komodo dragons (Lair:3)
  A troll (D:10)
  A hippogriff (Lair:2)
  6 blink frogs
  3 yaks
  A basilisk (Lair:1)
  2 hungry ghosts (D:11)
  2 nagas (Lair:3)
  2 water moccasins
  A porcupine (Lair:2)
  3 ice beasts
  2 ogres
  A wolf (D:10)
  A centaur (D:9)
  A crocodile (Lair:2)
  A big kobold (D:9)
  3 bullfrogs
  10 killer bees
  A bullfrog zombie (D:5)
  A crimson imp (D:11)
  2 orc priests
  A jelly (D:10)
  An iguana (D:9)
  3 worker ants
  An adder (D:4)
  A shadow imp (D:10)
  A leopard gecko (D:5)
  An orc (D:9)
  4 jackals (D:9)
  2 kobolds (D:9)
  2 fungi
70 creatures vanquished.

Vanquished Creatures (others)
  2 two-headed ogre zombies
  A spiny frog zombie (Lair:3)
  2 blink frog zombies (Lair:2)
  A wyvern zombie (Lair:2)
  2 hippogriff zombies
  A water moccasin zombie (D:9)
  A yak zombie (Lair:1)
  4 wights
  4 wolf zombies (D:10)
  A bullfrog zombie (Lair:2)
  A centaur zombie (D:7)
  A black bear zombie (D:11)
  A porcupine zombie (Lair:3)
  6 killer bee zombies (D:9)
  A big kobold zombie (D:11)
  4 hound zombies
  A gnoll zombie (D:10)
  An adder zombie (D:10)
  An electric eel zombie (D:10)
  3 orc zombies
  5 jackal zombies
  2 kobold zombies
  2 fungi
  A plant (Lair:2)
49 creatures vanquished.

Grand Total: 402 creatures vanquished

Notes
Turn   | Place    | Note
-------+----------+-------------------------------------------
     0 | D:1      | Amciq the Hill Orc Fighter began the quest for the Orb.
     0 | D:1      | Reached XP level 1. HP: 19/19 MP: 1/1
   672 | D:2      | Reached skill level 3 in Axes
   684 | D:2      | Reached XP level 2. HP: 27/27 MP: 2/2
   805 | D:2      | Found a basalt altar of Yredelemnul.
   813 | D:2      | Became a worshipper of Yredelemnul the Dark
   892 | D:2      | Reached XP level 3. HP: 33/33 MP: 3/3
  1060 | D:2      | Reached XP level 4. HP: 30/41 MP: 4/4
  1585 | D:3      | Reached skill level 4 in Axes
  1650 | D:3      | Reached * piety under Yredelemnul
  1661 | D:3      | Reached XP level 5. HP: 33/47 MP: 5/5
  2047 | D:3      | Found a shadowy altar of Dithmenos.
  2369 | D:3      | Found a glowing golden altar of the Shining One.
  2452 | D:3      | Noticed Robin
  2457 | D:3      | Reached ** piety under Yredelemnul
  2471 | D:3      | Killed Robin
  2471 | D:3      | Reached skill level 5 in Fighting
  2889 | D:3      | Found an ancient bone altar of Kikubaaqudgha.
  2900 | D:3      | Reached XP level 6. HP: 53/56 MP: 6/6
  3015 | D:4      | Found a shadowy altar of Dithmenos.
  3064 | D:4      | Reached skill level 5 in Axes
  3064 | D:4      | Reached skill level 5 in Armour
  3542 | D:4      | Noticed Grinder
  3543 | D:4      | Noticed Sigmund
  3544 | D:4      | Paralysed by Grinder for 5 turns
  3572 | D:4      | Killed Sigmund
  3572 | D:4      | Reached skill level 5 in Shields
  3572 | D:4      | Reached XP level 7. HP: 31/62 MP: 7/7
  3573 | D:4      | Killed Grinder
  3573 | D:4      | Reached skill level 6 in Axes
  4517 | D:5      | Entered Level 5 of the Dungeon
  4524 | D:5      | Reached XP level 8. HP: 36/70 MP: 8/8
  4699 | D:5      | Found Unleijups's Weapon Boutique.
  4707 | D:5      | Bought a +0 battleaxe for 91 gold pieces
  5145 | D:5      | Found a glowing golden altar of the Shining One.
  5647 | D:5      | Found a burning altar of Makhleb.
  5822 | D:5      | Reached *** piety under Yredelemnul
  6030 | D:6      | Reached skill level 7 in Axes
  6281 | D:6      | Reached XP level 9. HP: 48/79 MP: 9/9
  6528 | D:6      | Noticed a dagger
  6530 | D:6      | Noticed a hand axe
  6531 | D:6      | Found a hide-covered altar of Uskayaw.
  6680 | D:6      | Reached skill level 8 in Axes
  6925 | D:7      | Noticed Vi's ghost (novice TrFi)
  7236 | D:7      | Killed Vi's ghost
  7371 | D:7      | Found a staircase to the Ecumenical Temple.
  7436 | D:7      | Got a heavily runed shield
  7447 | D:7      | Identified the +3 shield of Patso {rF+ MP+9 Dex+2} (You found it on level 7 of the Dungeon)
  7579 | D:7      | Found a shattered altar of Ashenzari.
  7666 | D:8      | Reached skill level 1 in Invocations
  7868 | D:8      | Gained mutation: You are surrounded by a mild repulsion field. (EV +2) [mutagenic meat]
  7870 | D:8      | Gained mutation: Your flesh is heat resistant. (rF+) [mutagenic meat]
  7871 | D:8      | Gained mutation: You are covered in fur. (AC +1) [mutagenic meat]
  7872 | D:8      | Gained mutation: You are resistant to electric shocks. (rElec) [mutagenic meat]
  7873 | D:8      | Gained mutation: You are dopey. (Int -2) [mutagenic meat]
  7878 | D:8      | Found a sacrificial altar of Ru.
  8014 | D:8      | Reached skill level 9 in Axes
  8073 | D:8      | Found a bloodstained altar of Trog.
  8082 | D:8      | Noticed Joseph
  8277 | D:9      | Identified a +0 pair of boots of running (You found it on level 9 of the Dungeon)
  8278 | D:9      | Noticed Erolcha
  8300 | D:9      | Killed Erolcha
  8300 | D:9      | Reached XP level 10. HP: 32/90 MP: 13/13
  8538 | D:9      | Reached skill level 5 in Invocations
  8591 | D:9      | Reached **** piety under Yredelemnul
  8612 | D:9      | Found a shimmering altar of Xom.
  8633 | D:9      | Found Joackyskesm's Gadget Shop.
  8637 | D:9      | Got a clouded platinum ring
  8668 | D:9      | Identified the ring "Caohi" {Str+5 Dex+3} (You took it off a big kobold on level 9 of the Dungeon)
  8688 | D:9      | Lost mutation: You are dopey. (Int -2) [potion of mutation]
  8688 | D:9      | Lost mutation: Your flesh is heat resistant. (rF+) [potion of mutation]
  8688 | D:9      | Gained mutation: You are robust. (+10% HP) [potion of mutation]
  8688 | D:9      | Gained mutation: You evolve. [potion of mutation]
  8725 | D:9      | Received a gift from Yredelemnul (a wight)
  8841 | D:9      | Reached skill level 10 in Axes
  9023 | D:9      | Found Hosead's Serpentskin Sales.
  9203 | D:10     | Entered Level 10 of the Dungeon
  9203 | D:10     | Noticed a two-headed ogre
  9210 | D:9      | Killed a two-headed ogre
  9210 | D:9      | Reached XP level 11. HP: 83/106 MP: 16/16
  9372 | D:10     | Noticed a two-headed ogre
  9388 | D:10     | Killed a two-headed ogre
  9408 | D:10     | Noticed Erica
  9426 | D:10     | Killed Erica
  9426 | D:10     | Reached skill level 11 in Axes
  9542 | D:10     | Found a staircase to the Lair.
  9575 | D:10     | Received a gift from Yredelemnul (a wight)
  9785 | D:10     | Noticed a six-headed hydra
  9803 | D:11     | Noticed Grum
  9830 | D:10     | Reached skill level 10 in Fighting
  9990 | D:10     | Killed Grum
 10010 | D:10     | Killed a seven-headed hydra
 10371 | D:11     | Noticed a purple ugly thing
 10382 | D:11     | Killed a purple ugly thing
 10468 | D:11     | Noticed a two-headed ogre
 10468 | D:11     | Noticed a green ugly thing
 10477 | D:11     | Killed a two-headed ogre
 10488 | D:11     | Killed a green ugly thing
 10488 | D:11     | Reached skill level 12 in Axes
 10536 | D:11     | Noticed a cyclops
 10550 | D:11     | Killed a cyclops
 10602 | D:11     | Reached skill level 10 in Invocations
 10625 | D:11     | Reached ***** piety under Yredelemnul
 10639 | D:11     | Noticed a six-headed hydra
 10684 | D:12     | Found a snail-covered altar of Cheibriados.
 10737 | D:12     | Noticed a cyclops
 10770 | D:12     | Killed a cyclops
 10891 | Lair:1   | Entered Level 1 of the Lair of Beasts
 10903 | D:10     | Reached XP level 12. HP: 99/117 MP: 19/19
 11088 | Lair:1   | Found a sparkling altar of Nemelex Xobeh.
 11228 | Lair:1   | Noticed a four-headed hydra
 11293 | Lair:1   | Received a gift from Yredelemnul (a wight)
 11393 | Lair:1   | Gained mutation: Potions are less effective at restoring your health. [evolution]
 11517 | D:10     | Your ally Grum died
 11532 | D:10     | Killed a nine-headed hydra
 11871 | Lair:1   | Reached skill level 10 in Armour
 11889 | Lair:2   | Noticed Harold
 11890 | Lair:2   | Reached skill level 10 in Shields
 11891 | Lair:2   | Noticed Nergalle
 12143 | Lair:2   | Noticed a six-headed hydra
 12255 | D:10     | Noticed a four-headed hydra
 12467 | Lair:2   | Killed Nergalle
 12577 | Lair:2   | Noticed a fire dragon
 12608 | Lair:2   | Killed a fire dragon
 12608 | Lair:2   | Reached skill level 13 in Axes
 13125 | Lair:2   | Received a gift from Yredelemnul (a wight)
 13170 | Lair:2   | Killed Harold
 13613 | Lair:3   | Noticed a six-headed hydra
 13651 | Lair:2   | Killed a six-headed hydra
 14021 | Lair:3   | Reached XP level 13. HP: 97/127 MP: 22/22
 14100 | Lair:3   | Found a staircase to the Snake Pit.
 14210 | Lair:3   | Received a gift from Yredelemnul (a vampire)
 14510 | Lair:3   | Lost mutation: You are robust. (+10% HP) [evolution]
 14684 | Lair:4   | Noticed Rupert
 14689 | Lair:4   | Paralysed by Rupert for 7 turns
 14698 | Lair:4   | Paralysed by Rupert for 7 turns
 14702 | Lair:4   | Slain by Rupert

Vault maps used:
D:1:      tarquinn_simple_flora_water_d
D:2:      lemuel_zombie_altar_yredelemnul, kennysheep_doodads,
          small_statue_intersection, hex_tiny, minmay_three_crescents
D:3:      kennysheep_goblin_castle, nicolae_overflow_crystal_walls,
          kennysheep_vampire_church, nicolae_tso_carved_into_rock
D:4:      nicolae_dithmenos_through_a_glass_darkly, uniq_robin, uniq_grinder,
          uniq_sigmund
D:5:      makhleb_blood_cavern_becter, lemuel_doored_altar, first_bread,
          serial_shops, shop_statue, kennysheep_diamond
D:6:      dancing_weapons_uskayaw
D:7:      ashenzari_altar_1, minmay_temple_entry_enclosed_plants
D:8:      argonaut_augean_stables, nicolae_overflow_quartered_altars,
          fedhas_altar_1, basic_altar, uniq_pikel, uniq_joseph
D:9:      xom_teletrap_fun, serial_shops, shop, david_nohive_1,
          guppyfry_shop_venom, uniq_erolcha
D:10:     erik_lair_island, okawaru_trees_1, uniq_fannar, uniq_erica
D:11:     kennysheep_generic_room_10, uniq_grum
D:12:     zombieorc2_lemuel, roderic_filled_cross, lemuel_statue_altar
Lair:1:   special_room, basic_altar, infiniplex_staircase_pool
Lair:2:   dragon1_lemuel, special_room, minmay_stone_trees_small,
          serial_bayou_shore_b, minmay_lair_oklob_chamber, uniq_nergalle,
          uniq_harold
Lair:3:   minmay_snake_entry_guardpost_small, serial_bayou_shore_b,
          lemuel_fruit_tree
Lair:4:   elwin_shoals_entry_stream, grunt_megastairs_4, uniq_rupert

Skill      XL: |  1  2  3  4  5  6  7  8  9 10 11 12 |
---------------+-------------------------------------+-----
Axes           | 3 4 5 6 7 9 10 12 13 | 13.8
Fighting       | 4 5 6 7 8 9 10 11 | 11.5
Armour         | 4 5 6 7 8 9 10 | 10.8
Shields        | 4 5 6 8 9 10 | 10.7
Invocations    | 4 7 10 12 | 12.5

Action                   |  1- 3 |  4- 6 |  7- 9 | 10-12 | 13-15 || total
-------------------------+-------+-------+-------+-------+-------++-------
Melee: War axe           |    88 |   204 |   346 |   537 |    36 ||  1211
Invok: Animate Remains   |       |     1 |     7 |       |       ||     8
       Animate Dead      |       |       |     5 |    36 |     2 ||    43
       Drain Life        |       |       |       |     3 |     1 ||     4
  Use: Scroll            |     2 |     4 |     1 |    23 |       ||    30
       Potion            |       |     1 |     5 |     6 |     2 ||    14
 Stab: Distracted        |       |       |     3 |     6 |       ||     9
  Eat: Chunk             |     1 |    15 |    27 |    23 |     3 ||    69
       Fruit             |       |       |       |     2 |     2 ||     4
Armor: Scale mail        |    42 |    81 |   127 |   185 |       ||   435
       Fire dragon scale |       |       |       |    35 |    17 ||    52
Dodge: Dodged            |    30 |    67 |    98 |   231 |    16 ||   442
Block: Shield            |    50 |   125 |   204 |   548 |    31 ||   958
